 Dungeon Crawl Stone Soup version 0.27.0-1-g7a089689b8 (webtiles) character file.

Game seed: 14772479393316655168

58 gimp the Skirmisher (level 4, 0/40 HPs)
             Began as a Hill Orc Artificer on Aug 3, 2021.
             Succumbed to an adder's poison
             ... on level 2 of the Dungeon.
             The game lasted 00:04:31 (2144 turns).

gimp the Skirmisher (Hill Orc Artificer)            Turns: 2144, Time: 00:04:31

Health: 0/40       AC:  3    Str: 15    XL:     4   Next: 2%
Magic:  4/4        EV: 11    Int: 11    God:
Gold:   49         SH:  0    Dex: 11    Spells: 3/3 levels left

rFire    . . .     SeeInvis .   a - +0 hand axe
rCold    . . .     Faith    .   (no shield)
rNeg     . . .     Spirit   .   i - +0 leather armour
rPois    .         Reflect  .   (no helmet)
rElec    .         Harm     .   (no cloak)
rCorr    .         Rampage  .   (no gloves)
Will     .....                  (no boots)
Stlth    +.........             (no amulet)
HPRegen  0.13/turn              (no ring)
MPRegen  0.09/turn              (no ring)

@: brilliant, lethally poisoned (0 -> -4)
A: inability to read while threatened
a: no special abilities


You were on level 2 of the Dungeon.
You visited 1 branch of the dungeon, and saw 3 of its levels.

You collected 49 gold pieces.

Inventory:

Hand Weapons
 a - a +0 hand axe (weapon)
 b - a +1 whip of electrocution
Missiles
 g - 8 javelins
Armour
 i - a +0 leather armour (worn)
Wands
 c - a wand of flame (14) (quivered)
 d - a wand of charming (14)
Scrolls
 f - 2 scrolls of identify {unknown}
 h - a scroll of teleportation {unknown}
 k - a scroll of fog {unknown}
 m - a scroll of vulnerability {unknown}
 n - a scroll of blinking {unknown}
Miscellaneous
 e - a piece from Xom's chessboard (15/15)


   Skills:
 + Level 4.1 Fighting
 * Level 1.7 Axes
 - Level 2.1 Armour
 - Level 0.7 Dodging
 - Level 0.7 Stealth
 - Level 3.0 Evocations


You had 3 spell levels left.
You didn't know any spells.
Your spell library was empty.

Dungeon Overview and Level Annotations

Branches:
Dungeon (3/15)

Altars:


Innate Abilities, Weirdness & Mutations

You sometimes lose the ability to read scrolls when taking damage.


Message History

The slug dart hits you. The adder bites you.
You are lethally poisoned!
The adder poisons you!
You take 6 damage, and have 12/33 hp.
It was a potion of brilliance.
You feel clever all of a sudden.
* * * LOW HITPOINT WARNING * * *
You feel very sick. The adder barely misses you.
The dart slug closely misses you.
You take 4 damage, and have 8/33 hp.
It was a potion of mutation.
You feel extremely strange.
You lose the ability to read scrolls when threatened.
* * * LOW HITPOINT WARNING * * *
You feel sick. The adder bites you but does no damage.
You take 2 damage, and have 6/33 hp.
Aiming: Charm
Press: ? - help, Shift-Dir - straight line, f - adder
Aim: an adder (moderately wounded, chance to affect: 63%)
The adder is charmed.
* * * LOW HITPOINT WARNING * * *
You feel very sick. The dart slug misses you.
You take 2 damage, and have 4/33 hp.
You hit the dart slug.
The dart slug is severely wounded.
* * * LOW HITPOINT WARNING * * *
You feel sick.
Your adder bites the dart slug.
The dart slug bites your adder.
Your adder bites the dart slug but does no damage.
You take 2 damage, and have 2/33 hp.
You hit the dart slug.
You kill the dart slug!
* * * LOW HITPOINT WARNING * * *
You feel sick.
You have reached level 4!
You take 1 damage, and have 1/40 hp.
MP restored: 4 You aren't carrying any potions.
Okay, then.
You swap places.
You die...

#########...# #.# #.# #.##.
#.......##### #.# #.###.##.
#...♣...# #.####.#...##.
#...(...# #...#.........
#.♣.).♣.#######.#......#####
#.......#.......#...8..#
#...♣)..######))#.(_...#
#.......#..S##..#)..8..#
####'######@##..#......#
#.#.# #.##.......#.# #...#
#.##.##.<....# ###.#
#.##.........# #.#
#.#####.....##
#.####.######...##
###..............##
#...###.########## #.#.# #.#


You could see a friendly adder (charmed).

Vanquished Creatures
  An adder (D:2)
  A worm (D:2)
  5 dart slugs
  5 bats (D:1)
  An endoplasm (D:2)
  5 goblins (D:2)
  A hobgoblin (D:1)
  2 quokkas
  3 ball pythons
  3 frilled lizards
  9 kobolds
  4 rats
40 creatures vanquished.

Notes
Turn   | Place    | Note
-------+----------+-------------------------------------------
     0 | D:1      | gimp the Hill Orc Artificer began the quest for the Orb.
     0 | D:1      | Reached XP level 1. HP: 16/16 MP: 1/1
    84 | D:1      | Reached skill level 2 in Fighting
   126 | D:1      | Reached XP level 2. HP: 22/25 MP: 2/2
   293 | D:1      | Reached skill level 3 in Fighting
   710 | D:1      | Reached XP level 3. HP: 23/31 MP: 3/3
  1581 | D:2      | Reached skill level 4 in Fighting
  1581 | D:2      | Reached skill level 1 in Axes
  1616 | D:2      | Found a faded altar of an unknown god.
  2140 | D:2      | Gained mutation: You sometimes lose the ability to read
                  | scrolls when taking damage. [potion of mutation]
  2143 | D:2      | HP: 1/33 [poisoned by an adder]
  2144 | D:2      | Reached XP level 4. HP: 1/40 MP: 4/4
  2144 | D:2      | Succumbed to an adder's poison

Illustrated notes

Levels and vault maps discovered:
D:1:      heliophobic_arrival_battle_scene, layout_basic, due_unseen_surprise
D:2:      layout_loops_ring, dreamdust_ecumenical_altar_statues,
          kennysheep_generic_room_10
D:3:      cheibrodos_fertilizer, layout_rooms, nicolae_uskayaw_suspiria

Skill      XL: |  1  2  3 |
---------------+----------+-----
Fighting       | 2 3 4 |  4.1
Axes           | 1 |  1.7
Armour         | |  2.1
Dodging        | |  0.7
Stealth        | |  0.7
Evocations     | |  3.0

Action                   |  1- 3 |  4- 6 || total
-------------------------+-------+-------++-------
Melee: Spear             |   126 |       ||   126
       Hand axe          |    44 |       ||    44
Evoke: Wand              |     2 |       ||     2
       Piece from Xom's  |     1 |       ||     1
  Use: Potion            |     2 |       ||     2
Armor: Leather armour    |    43 |       ||    43
Dodge: Dodged            |    80 |       ||    80
